 Dungeon Crawl Stone Soup version 0.28.0-53-g5a82cb258f (webtiles) character file.

Game seed: 17261671680661140682

18508 pkoi the Black Belt (level 12, -1/97 HPs)
             Began as a Demigod Gladiator on May 27, 2022.
             Slain by a seven-headed hydra (4 damage)
             ... on level 2 of the Lair of Beasts on May 28, 2022.
             The game lasted 00:40:35 (26730 turns).

pkoi the Black Belt (Demigod Gladiator)            Turns: 26730, Time: 00:40:36

Health: -1/97      AC: 28    Str: 15    XL:     12   Next: 2%
Magic:  15/15      EV:  7    Int: 26    God:
Gold:   637        SH:  0    Dex: 13    Spells: 11/11 levels left

rFire   . . .      SeeInvis +     - Unarmed
rCold   + + .      Faith    .   (no shield)
rNeg    . . .      Spirit   .   o - +18 Lear's hauberk
rPois   +          Reflect  .   (helmet currently unavailable)
rElec   +          Harm     .   y - scarf {rC+ rF+}
rCorr   .          Rampage  .   (gloves currently unavailable)
Will    +....                   (boots currently unavailable)
Stlth   ..........              (no amulet)
HPRegen 0.26/turn               x - ring of Qiwodo {Dex+3 SInv}
MPRegen 0.14/turn               m - ring of Meulavil {Ice rElec rPois Dex-5 SInv}

@: about to teleport, studying Air Magic
A: high MP 1, forlorn, divine attributes
a: no special abilities


You were on level 2 of the Lair of Beasts.
You visited 2 branches of the dungeon, and saw 12 of its levels.
You visited the Abyss 1 time.
You also visited: Sewer.

You collected 637 gold pieces.

Inventory:

Hand Weapons
 e - a +1 short sword of venom
 h - a +2 short sword of venom
 t - a +2 dagger of venom
Missiles
 c - 6 throwing nets
 d - 17 poisoned darts (quivered)
 v - 2 boomerangs of dispersal
Armour
 a - a +0 leather armour
 b - a +1 helmet
 g - a +2 pair of gloves
 i - a +0 plate armour
 o - the +18 Lear's hauberk (worn)
   (You acquired it on level 4 of the Dungeon)
 y - a scarf of resistance (worn)
Jewellery
 l - a ring of ice
 m - the ring of Meulavil (right hand) {Ice rElec rPois Dex-5 SInv}
   (You found it on level 8 of the Dungeon)

   [ring of ice]

   It enhances your ice magic.
   Dex:       It affects your dexterity (-5).
   rF:        It makes you vulnerable to fire.
   rC:        It protects you from cold.
   rElec:     It insulates you from electricity.
   rPois:     It protects you from poison.
   SInv:      It lets you see invisible.
 p - a ring of fire
 u - a ring of positive energy
 x - the ring of Qiwodo (left hand) {Dex+3 SInv}
   (You found it on level 5 of the Dungeon)

   [ring of see invisible]

   Dex:       It affects your dexterity (+3).
   SInv:      It lets you see invisible.
Wands
 r - a wand of digging (3)
 s - a wand of polymorph (8)
 B - a wand of acid (3)
Scrolls
 f - 3 scrolls of teleportation
 j - a scroll of enchant armour
 k - 3 scrolls of enchant weapon
 n - 3 scrolls of fog
 q - a scroll of amnesia
 w - a scroll of fear
 A - a scroll of identify
Potions
 z - a potion of cancellation
 C - a potion of magic


   Skills:
 + Level 6.7 Fighting
 - Level 1.7 Throwing
 + Level 6.8 Armour
 - Level 2.6 Dodging
 * Level 15.6 Unarmed Combat
 + Level 4.1 Evocations


You had 11 spell levels left.
You didn't know any spells.
Your spell library contained the following spells:

 Spells                   Type           Power      Damage    Failure   Level
 Summon Small Mammal      Summ           0%         N/A       89%         1
 Call Canine Familiar     Summ           0%         N/A       99%         3
 Conjure Flame            Conj/Fire      0%         6-21      99%         3
 Dazzling Flash           Conj/Hex       0%         N/A       99%         3
 Gell's Gravitas          Tloc           0%         N/A       99%         3
 Ignite Poison            Fire/Tmut/Pois 0%         N/A       99%         3
 Lesser Beckoning         Tloc           0%         N/A       99%         3
 Summon Guardian Golem    Hex/Summ       0%         N/A       99%         3
 Teleport Other           Tloc           0%         N/A       99%         3
 Iskenderun's Mystic Bla  Conj/Tloc      0%         2d3       100%        4
 Sticky Flame             Conj/Fire      0%         2d3       100%        4
 Starburst                Conj/Fire      0%         6d3       100%        6
 Borgnjor's Revivificati  Necr           0%         N/A       100%        8
 Necromutation            Tmut/Necr      0%         N/A       100%        8
 Death's Door             Necr           0%         N/A       100%        9


Dungeon Overview and Level Annotations

Branches:
Dungeon (9/15)             Temple (0/1) D:7            Lair (3/6) D:9
 Shoals (0/4) Lair:2        Sewer (visited)
  Snake: Lair:2-4    Spider: Lair:2-4       Orc: D:9-12

Shops:
D:4 :   D:6 =

Portals:
Abyss: Lair:1

Annotations:
D:5 Pikel
Lair:1 2 transporters, greena's ghost, journeyman MiHu
Lair:2 1 runed translucent door, nickcage's ghost, journeyman SpEn


Innate Abilities, Weirdness & Mutations

You have an increased reservoir of magic. (+10% MP)
You shall have no god before yourself.
Your divine heritage dramatically boosts your attributes as you level up.


Message History

You fall asleep.
The water moccasin bites you but does no damage.
The seven-headed hydra bites you!
You wake up.
* * * LOW HITPOINT WARNING * * *
The seven-headed hydra bites you but does no damage. x3
The seven-headed hydra bites you.
* * * LOW HITPOINT WARNING * * *
The seven-headed hydra bites you!
* * * LOW HITPOINT WARNING * * *
The seven-headed hydra bites you!
* * * LOW HITPOINT WARNING * * *
There is a stone staircase leading up, spattered with blood here.
Unknown command.
Unknown command.
Unknown command.
The water moccasin bites you but does no damage.
The seven-headed hydra bites you but does no damage.
The seven-headed hydra barely misses you.
The seven-headed hydra bites you but does no damage. x3
The seven-headed hydra bites you.
* * * LOW HITPOINT WARNING * * *
The seven-headed hydra completely misses you.
The dream sheep bites you!
* * * LOW HITPOINT WARNING * * *
The water moccasin bites you but does no damage.
You climb upwards.
Level annotation: 1 runed translucent door, nickcage's ghost, journeyman SpEn
There is a stone staircase leading down, spattered with blood here.
Unknown command.
Unknown command.
Okay, then.
As you read the scroll of teleportation, it crumbles to dust.
You feel strangely unstable.
The seven-headed hydra bites you but does no damage. x2
The seven-headed hydra bites you.
* * * LOW HITPOINT WARNING * * *
The seven-headed hydra bites you!
* * * LOW HITPOINT WARNING * * *
The seven-headed hydra bites you.
You die...

...).......#.........+:8#........
...).......#.........#W.#.#......
...........#.........####.##...†.
.......................#..#.##.##
........[##...........'..########
.........###..###.#...#.P# #.
##.##'.P## #P.#.8.##P.#### #.
#####.### ###.SY..#.P.P# ##. #
#.# #8Y@.8....#### ##.. #.#
#.D...#...##)####... #.#####
##....#....)##...... ###
##.#..####.#+.#...##.###.....
..####......##.....###......#....
....#.#...#.........#...)#..#....
###..............................
#.#...8.......8.......8...#....
##.+.............#.#............


You could see a seven-headed hydra, a water moccasin and 2 dream sheep.

Vanquished Creatures
  A hydra (Lair:2)
  Erolcha (D:9)
  6 death yaks
  2 black mambas
  Joseph (D:7)
  5 cane toads
  3 komodo dragons (Lair:2)
  2 trolls
  A polar bear (D:8)
  A dream sheep (Lair:3)
  3 blink frogs (Lair:2)
  A snapping turtle (Lair:2)
  A wyvern (Lair:2)
  3 basilisks
  A human (shapeshifter) (D:8)
  18 yaks
  Menkaure (D:5)
  5 water moccasins
  3 orc warriors
  A sky beast (D:6)
  2 ice beasts (D:9)
  A necrophage (D:4)
  An ogre (D:4)
  A centaur (D:9)
  4 wolves
  A lemure (D:4)
  7 bullfrogs
  3 gnoll sergeants
  2 wyvern skeletons (D:7)
  3 scorpions
  10 killer bees
  7 electric eels
  17 wights
  2 howler monkeys (D:8)
  A bullfrog zombie (D:6)
  2 centaur zombies
  4 gnoll shamans
  6 orc priests
  5 hounds
  A jelly (D:6)
  2 centaur skeletons (D:6)
  Ijyb (D:4)
  3 iguanas
  4 orc wizards
  Natasha (thrice) (D:3)
  A howler monkey zombie (D:4)
  23 gnolls
  12 adders
  3 white imps
  A howler monkey simulacrum (D:9)
  4 ufetubi
  An adder skeleton (D:4)
  A worm (D:3)
  2 dart slugs
  24 orcs
  11 ball pythons
  7 bats
  19 endoplasms
  18 giant cockroaches
  5 goblins
  6 hobgoblins
  5 jackals
  3 kobolds
  9 quokkas
  9 frilled lizards
  4 rats
321 creatures vanquished.

Vanquished Creatures (others)
  An orc (D:9)
  13 fungi
  42 plants
  2 withered plants (Lair:2)
58 creatures vanquished.

Grand Total: 379 creatures vanquished

Notes
Turn   | Place    | Note
-------+----------+-------------------------------------------
     0 | D:1      | pkoi the Demigod Gladiator began the quest for the Orb.
     0 | D:1      | Reached XP level 1. HP: 17/17 MP: 3/3
   236 | D:1      | Reached skill level 3 in Unarmed Combat
   783 | D:1      | You fall into a shaft and drop 1 floor!
   800 | D:2      | Reached XP level 2. HP: 23/24 MP: 4/4
  1740 | D:2      | Reached XP level 3. HP: 20/29 MP: 5/5
  1946 | D:2      | Reached skill level 4 in Unarmed Combat
  3493 | D:3      | Reached XP level 4. HP: 17/36 MP: 6/6
  3819 | D:3      | Found a glowing drain.
  3824 | D:3      | Noticed Natasha
  3833 | D:3      | Killed Natasha
  3834 | D:3      | Reached skill level 5 in Unarmed Combat
  3862 | Sewer    | Entered a sewer
  4050 | Sewer    | Reached XP level 5. HP: 39/41 MP: 7/7
  4484 | Sewer    | Reached skill level 6 in Unarmed Combat
  4676 | D:3      | Noticed Natasha
  4690 | D:3      | Killed Natasha
  4925 | D:3      | Noticed Natasha
  4934 | D:3      | Killed Natasha
  4935 | D:3      | Reached XP level 6. HP: 48/48 MP: 8/8
  5234 | D:4      | Identified a scroll of acquirement
  5251 | D:4      | Acquired the +18 Lear's hauberk
  5251 | D:4      | Found the +18 Lear's hauberk
  5804 | D:4      | Found Ujul's Book Emporium.
  6178 | D:3      | Reached skill level 1 in Armour
  6178 | D:3      | Reached skill level 7 in Unarmed Combat
  6960 | D:4      | Noticed Ijyb
  6978 | D:4      | Killed Ijyb
  6979 | D:4      | Reached XP level 7. HP: 10/51 MP: 9/9
  7807 | D:5      | Entered Level 5 of the Dungeon
  7807 | D:5      | Noticed Menkaure
  8144 | D:5      | Killed Menkaure
  8523 | D:5      | Reached skill level 8 in Unarmed Combat
  8741 | D:5      | HP: 2/54 [orc priest/divine providence (13)]
  9323 | D:5      | Identified the ring of Qiwodo {Dex+3 SInv}
  9997 | D:5      | Noticed Pikel
 10479 | D:6      | Reached XP level 8. HP: 60/61 MP: 10/10
 10986 | D:6      | Reached skill level 9 in Unarmed Combat
 11989 | D:6      | Found Juniafok's Jewellery Emporium.
 13041 | D:7      | Reached skill level 10 in Unarmed Combat
 13191 | D:7      | Reached skill level 5 in Armour
 13240 | D:7      | Noticed a troll
 13302 | D:6      | Killed a troll
 13303 | D:6      | Reached XP level 9. HP: 52/68 MP: 11/11
 14006 | D:7      | Found a staircase to the Ecumenical Temple.
 15348 | D:8      | Noticed a cane toad
 15360 | D:8      | a cane toad changed into a human
 15457 | D:8      | Noticed Joseph
 15823 | D:7      | Killed Joseph
 15958 | D:8      | Noticed a five-headed hydra
 16465 | D:8      | Reached skill level 11 in Unarmed Combat
 16513 | D:8      | Identified the ring of Meulavil {Ice rElec rPois Dex-5
                  | SInv}
 17993 | D:8      | Reached XP level 10. HP: 46/80 MP: 13/13
 17998 | D:8      | Reached skill level 5 in Fighting
 18356 | D:8      | Reached skill level 12 in Unarmed Combat
 19838 | D:9      | Found a staircase to the Lair.
 20269 | D:9      | Noticed Erolcha
 20271 | D:9      | Cast into level 1 of the Abyss (Erolcha)
 20282 | D:9      | Escaped the Abyss
 20612 | D:9      | Killed Erolcha
 20613 | D:9      | Reached skill level 13 in Unarmed Combat
 21021 | Lair:1   | Entered Level 1 of the Lair of Beasts
 21440 | Lair:1   | Noticed a black mamba
 21469 | Lair:1   | Killed a black mamba
 21470 | Lair:1   | Reached XP level 11. HP: 44/89 MP: 14/14
 21781 | Lair:1   | Reached skill level 14 in Unarmed Combat
 21933 | Lair:1   | Noticed a spriggan rider
 21964 | Lair:1   | Found a transporter.
 22023 | Lair:1   | Noticed a soul eater
 22027 | Lair:1   | Found a transporter.
 22269 | Lair:1   | Noticed greena's ghost (journeyman MiHu)
 22296 | Lair:1   | Found a one-way gate to the infinite horrors of the Abyss.
 22346 | Lair:2   | Noticed a death yak
 22346 | Lair:2   | Noticed a death yak
 22346 | Lair:2   | Noticed a death yak
 22925 | Lair:2   | Noticed a death yak
 22925 | Lair:2   | Noticed a death yak
 22925 | Lair:2   | Noticed a death yak
 22979 | Lair:2   | Killed a death yak
 22980 | Lair:2   | Reached skill level 1 in Evocations
 23006 | Lair:2   | Killed a death yak
 23320 | Lair:2   | Noticed an eight-headed hydra
 23382 | Lair:2   | Killed an eight-headed hydra
 23383 | Lair:2   | Reached skill level 15 in Unarmed Combat
 23537 | Lair:2   | Found a runed translucent door.
 23537 | Lair:2   | Noticed nickcage's ghost (journeyman SpEn)
 24138 | Lair:2   | Found a staircase to the Shoals.
 24635 | Lair:1   | Killed a death yak
 25259 | Lair:1   | Killed a death yak
 25528 | Lair:1   | Killed a death yak
 25638 | Lair:1   | Noticed a fire crab
 25810 | Lair:2   | Found a runed translucent door.
 26048 | Lair:2   | Killed a death yak
 26260 | Lair:2   | Found a staircase to the Shoals.
 26506 | Lair:2   | Reached XP level 12. HP: 77/97 MP: 15/15
 26718 | Lair:3   | Noticed a seven-headed hydra
 26730 | Lair:2   | HP: 3/97 [seven-headed hydra (11)]
 26730 | Lair:2   | Slain by a seven-headed hydra

Illustrated notes

Levels and vault maps discovered:
D:1:      evilmike_arrival_rings, layout_basic, minmay_tripent
D:2:      cheibrodos_old_hovel, layout_loops_ring, basic_ecumenical_altar,
          basic_altar, minmay_pentomino_u2
D:3:      layout_basic, gup_sewer_entry_glass, minmay_door_square, uniq_natasha
D:4:      layout_basic, serial_shops, nicolae_shop_window_shopping, uniq_ijyb
D:5:      layout_basic, uniq_pikel, uniq_menkaure
D:6:      layout_basic, serial_shops, shop, serial_bayou, serial_bayou_lagoon_b,
          serial_bayou_shore_a, serial_bayou_pond_a, serial_bayou_ford_a,
          serial_bayou_shore_b
D:7:      layout_basic, amcnicky_altar_gilded,
          minmay_temple_entry_drinking_statues
D:8:      layout_basic, mainiacjoe_overflow_surrounded_room,
          kennysheep_generic_room_13, uniq_joseph
D:9:      layout_cave_pools, erik_lair_island, serial_ice, serial_ice_o,
          serial_ice_h, serial_ice_l, serial_ice_b, serial_ice_g, serial_ice_c,
          uniq_erolcha
Lair:1:   layout_misc_corridors, gammafunk_ghost_abyssal_escape
Lair:2:   layout_roguey, minmay_shoals_entry_hut, gammafunk_ghost_grave,
          beast_lair_carwin_7, grunt_megastairs_1, serial_bayou_shore_b
Lair:3:   layout_misc_corridors

Skill      XL: |  1  2  3  4  5  6  7  8  9 10 11 |
---------------+----------------------------------+-----
Unarmed Combat | 3 4 5 6 7 8 10 11 13 15 | 15.6
Fighting       | 2 4 6 |  6.7
Armour         | 1 3 5 6 |  6.8
Evocations     | 4 |  4.1
Throwing       | |  1.7
Dodging        | |  2.6

Action                   |  1- 3 |  4- 6 |  7- 9 | 10-12 || total
-------------------------+-------+-------+-------+-------++-------
Melee: Unarmed           |   183 |   321 |   542 |   586 ||  1632
       Punch             |     2 |    11 |    48 |    55 ||   116
       Short sword       |       |    38 |       |       ||    38
       Dagger            |       |       |    63 |    52 ||   115
Throw: Dart              |       |    23 |       |       ||    23
       Throwing net      |       |     3 |     1 |       ||     4
Evoke: Wand              |       |       |       |     1 ||     1
  Use: Scroll            |     5 |     5 |     6 |     5 ||    21
       Potion            |     2 |       |     5 |       ||     7
Armor: Plate armour      |   128 |   191 |       |       ||   319
       Leather armour    |    19 |       |       |       ||    19
       Chain mail        |       |    48 |   430 |   496 ||   974
Dodge: Dodged            |    49 |    78 |   186 |   221 ||   534
